 Dungeon Crawl Stone Soup version 0.17-a0-1746-g6987275 (webtiles) character file.

347 Geomchi the Conjurer (level 6, -2/32 HPs)
             Began as a Deep Elf Conjurer on Sept 1, 2015.
             Killed from afar by Sychopol's ghost (10 damage)
             ... with a puff of flame
             ... on level 4 of the Dungeon.
             The game lasted 00:06:50 (3750 turns).

Geomchi the Conjurer (Deep Elf Conjurer)            Turns: 3750, Time: 00:06:50

Health: -2/32      AC:  3    Str:  5    XL:     6   Next: 33%
Magic:  17/17      EV:  9    Int: 22    God:
Gold:   165        SH:  0    Dex: 20    Spells: 2 memorised, 14 levels left

rFire  . . .     SeeInvis .     j - +0 dagger
rCold  . . .     Clarity  .     a - +0 robe
rNeg   . . .     SustAt   .     (no shield)
rPois  +         Gourm    .     (no helmet)
rElec  .         Spirit   .     g - +0 cloak
rCorr  .         Warding  .     (no gloves)
rMut   .         Stasis   .     (no boots)
MR     .....                    (no amulet)
Stlth  ++........               r - ring of poison resistance
                                k - +5 ring of dexterity

@: not resistant to hostile enchantments, unstealthy
A: no striking features
a: no special abilities


You were on level 4 of the Dungeon.
You were hungry.

You visited 1 branch of the dungeon, and saw 4 of its levels.

You collected 165 gold pieces.

Inventory:

Hand weapons
 j - a +0 dagger (weapon)
 y - a +0 blowgun
Missiles
 z - 36 poisoned needles
Armour
 a - a +0 robe (worn)
 g - a +0 cloak (worn)
Jewellery
 d - an uncursed ring of sustain attributes
 k - a +5 ring of dexterity (left hand)
 r - a ring of poison resistance (right hand)
 A - a +3 ring of dexterity
 B - a cursed -5 ring of dexterity
Magical devices
 w - a wand of enslavement (11)
Scrolls
 e - 2 scrolls of immolation {unknown}
 h - a scroll of enchant weapon {unknown}
 i - 5 scrolls of fog {unknown}
 l - 4 scrolls of identify {unknown}
 m - 2 scrolls of amnesia {unknown}
 n - 3 scrolls of remove curse {unknown}
 p - a scroll of recharging {unknown}
 q - a scroll of fear {unknown}
 s - 2 scrolls of noise {unknown}
 t - 2 scrolls of enchant armour {unknown}
 x - a scroll of magic mapping {unknown}
Potions
 f - a potion of ambrosia {unknown}
 v - a potion of brilliance {unknown}
 C - a potion of might {unknown}
 E - a potion of agility {unknown}
Books
 b - a book of Conjurations

   Spells                             Type                      Level
   a - Magic Dart                     Conjuration                  1
   b - Searing Ray                    Conjuration                  2
   c - Dazzling Spray                 Conjuration/Hexes            3
   d - Fulminant Prism                Conjuration/Hexes            4
   e - Iskenderun's Mystic Blast      Conjuration                  4
   f - Iskenderun's Battlesphere      Conjuration/Charms           5
Comestibles
 c - 4 bread rations {@e1}
 o - 5 fruits
 u - a meat ration {@e2}


   Skills:
 + Level 0.0 Fighting
 * Level 2.8 Dodging
 - Level 2.4 Stealth
 - Level 6.0 Spellcasting
 - Level 7.0 Conjurations


You had 14 spell levels left.
You knew the following spells:

 Your Spells              Type           Power        Failure   Level  Hunger
a - Magic Dart            Conj           ####         1%          1    None
b - Searing Ray           Conj           #####.       1%          2    None


Dungeon Overview and Level Annotations

Branches:
Dungeon (4/15)
 Temple: D:4-7

Altars:
Dithmenos
Ru

Annotations:
D:4 Sychopol's ghost, average DrFE


Message History

You can't see any susceptible monsters within range! (Use Z to cast anyway.)
Aim: Sychopol's ghost The magic dart hits Sychopol's ghost.
Sychopol's ghost gestures at you while chanting.
The puff of flame hits you!
You take 14 damage, and have 18/32 hp.
MASSIVE DAMAGE!!
You now have 16/17 mp.
You can't see any susceptible monsters within range! (Use Z to cast anyway.) Sychopol's ghost says, "Would you like to be cremated?"
Sychopol's ghost whispers, "The ORB doesn't exist."
MP restored: 17 You are feeling hungry.
All of the chunks of flesh in your inventory have rotted away.
Sychopol's ghost casts a spell at you. The puff of flame hits you!
* * * LOW HITPOINT WARNING * * *
There is a stone staircase leading up here.
You take 11 damage, and have 8/32 hp.
MASSIVE DAMAGE!!
Sychopol's ghost gestures at you while chanting.
The puff of flame hits you!
You die...

....................#
.................##.#
..........#...W...#
.#..#..#..........#
.......+..........#..
.#..##.#..........#..
..........#.......#.##
.#. ##.##.#......##.. .
.. ......#.....@#
.####.#
.##.####.....÷##.......
............)........
#.#.###.###)......# #
#. .... #.......#
......# #.......#
........ #.......#
†..##. ...##+#.# ...
.... #


You could see Sychopol's ghost.

Vanquished Creatures
  The ghost of Sychopol the Chucker, an average CeAM of Nemelex Xobeh (D:3)
  An iguana (D:3)
  A giant frog skeleton (D:4)
  An orc wizard (D:3)
  4 gnolls (D:4)
  5 adders
  A shadow imp (D:4)
  An ooze (D:1)
  2 worms (D:2)
  2 giant geckos (D:3)
  4 orcs (D:3)
  A ball python (D:3)
  4 giant cockroaches
  6 goblins
  6 hobgoblins
  12 jackals
  12 kobolds
  2 quokkas
  9 bats
  2 giant newts
  5 rats
82 creatures vanquished.

Notes
Turn   | Place    | Note
--------------------------------------------------------------
     0 | D:1      | Geomchi the Deep Elf Conjurer began the quest for the Orb.
     0 | D:1      | Reached XP level 1. HP: 10/10 MP: 6/6
   259 | D:1      | Reached XP level 2. HP: 15/15 MP: 6/8
   317 | D:1      | Reached skill level 5 in Conjurations
   455 | D:1      | Learned a level 2 spell: Searing Ray
   819 | D:1      | Reached XP level 3. HP: 19/19 MP: 5/9
  1726 | D:2      | Reached XP level 4. HP: 24/24 MP: 3/11
  2245 | D:3      | Reached skill level 6 in Conjurations
  2371 | D:3      | Found a sacrificial altar of Ru.
  2472 | D:3      | Noticed Sychopol's ghost (average CeAM)
  2484 | D:3      | Killed Sychopol's ghost
  2484 | D:3      | Reached skill level 5 in Spellcasting
  2484 | D:3      | Reached XP level 5. HP: 19/28 MP: 4/14
  3195 | D:3      | Found a shadowy altar of Dithmenos.
  3432 | D:3      | Reached XP level 6. HP: 22/32 MP: 9/16
  3543 | D:4      | Reached skill level 7 in Conjurations
  3727 | D:4      | Noticed Sychopol's ghost (average DrFE)
  3750 | D:4      | Killed from afar by Sychopol's ghost

Vault maps used:
D:1:      dpeg_arrival_rooms_c
D:3:      kennysheep_six_static_rooms, nicolae_overflow_crystal_walls,
          nicolae_dithmenos_through_a_glass_darkly, first_bread,
          kennysheep_generic_room_5
D:4:      minmay_misc_feat_nine_boxes

Action                   |  1- 3 |  4- 6 || total
-------------------------+-------+-------++-------
Melee: Dagger            |    25 |       ||    25
 Cast: Magic Dart        |    80 |    67 ||   147
       Searing Ray       |     2 |     8 ||    10
  Eat: Chunk             |     2 |     6 ||     8
